 Dungeon Crawl Stone Soup version 0.28-a0-655-g4eb62b627b (webtiles) character file.

Game seed: 17933432861206621625

7667 mordus the Arsonist (level 10, -10/69 HPs)
             Began as a Red Draconian Fire Elementalist on Oct 12, 2021.
             Was a Follower of Vehumet.
             Mangled by Snorg (14 damage)
             ... on level 10 of the Dungeon.
             The game lasted 00:49:14 (13456 turns).

mordus the Arsonist (DrFE)                         Turns: 13456, Time: 00:49:15

Health: -10/69     AC: 10    Str: 11    XL:     10   Next: 99%
Magic:  11/20      EV: 18    Int: 18    God:    Vehumet [*.....]
Gold:   577        SH:  0    Dex: 12    Spells: 16/23 levels left

rFire   + + +      SeeInvis .   q - staff of fire
rCold   x . .      Faith    .   (no shield)
rNeg    . . .      Spirit   .   (armour unavailable)
rPois   .          Reflect  .   (helmet restricted)
rElec   .          Harm     .   h - +0 cloak
rCorr   .          Rampage  .   D - +1 pair of gloves
Will    .....                   (no boots)
Stlth   ++........              G - amulet of magic regeneration
HPRegen 0.21/turn               d - +4 ring of evasion
MPRegen 0.42/turn               u - ring of fire

@: no status effects
A: breathe fire, AC +7, unfitting armour, fire resistance 1, cold-blooded
a: Breathe Fire, Renounce Religion


You were on level 10 of the Dungeon.
You worshipped Vehumet.
Vehumet was aware of your devotion.
You visited 2 branches of the dungeon, and saw 11 of its levels.

You collected 577 gold pieces.

Inventory:

Hand Weapons
 b - a +0 club
 g - a +4 quarterstaff of chaos
 v - a +4 vorpal dire flail
Armour
 h - a +0 cloak (worn)
 D - a +1 pair of gloves (worn)
Magical Staves
 c - a staff of cold
 q - a staff of fire (weapon)
 y - a staff of conjuration
Jewellery
 d - a +4 ring of evasion (left hand)
 u - a ring of fire (right hand)
 G - an amulet of magic regeneration (around neck)
Scrolls
 a - 2 scrolls of vulnerability
 i - a scroll of fear
 l - 3 scrolls of amnesia
 m - 6 scrolls of teleportation
 t - a scroll of silence
 w - a scroll of immolation
Potions
 e - 5 potions of curing
 f - 3 potions of mutation
 j - 4 potions of lignification
 k - a potion of flight
 n - 3 potions of resistance
 o - 2 potions of attraction
 r - a potion of magic
 A - a potion of cancellation {unknown}
 B - a potion of brilliance {unknown}
 C - a potion of might {unknown}
 I - a potion of heal wounds {unknown}
Miscellaneous
 H - a phantom mirror


   Skills:
 + Level 7.0 Dodging
 - Level 1.7 Stealth
 + Level 7.2 Spellcasting
 + Level 7.7 Conjurations
 * Level 13.3 Fire Magic


You had 16 spell levels left.
You knew the following spells:

 Your Spells              Type           Power      Damage    Failure   Level
a - Foxfire               Conj/Fire      100%       2x1d9     1%          1
b - Scorch                Fire           100%       2d10      1%          2
c - Flame Wave            Conj/Fire      79%        3d13      1%          4

Your spell library contained the following spells:

 Spells                   Type           Power      Damage    Failure   Level
 Shock                    Conj/Air       80%        1d8       2%          1
 Conjure Flame            Conj/Fire      79%        6-21      1%          3
 Inner Flame              Hex/Fire       62%        N/A       1%          3
 Animate Skeleton         Necr           12%        N/A       11%         1
 Apportation              Tloc           12%        N/A       11%         1
 Freeze                   Ice            24%        1d5       11%         1
 Summon Small Mammal      Summ           24%        N/A       11%         1
 Ensorcelled Hibernation  Hex/Ice        12%        N/A       16%         2
 Hailstorm                Conj/Ice       20%        3d6       22%         4
 Frozen Ramparts          Ice            12%        1d3       32%         3
 Gell's Gravitas          Tloc           3%         N/A       32%         3
 Lesser Beckoning         Tloc           6%         N/A       32%         3
 Spider Form              Tmut/Pois      3%         N/A       32%         3
 Teleport Other           Tloc           6%         N/A       32%         3
 Tukima's Dance           Hex            6%         N/A       32%         3


Dungeon Overview and Level Annotations

Branches:
Dungeon (10/15)            Temple (1/1) D:6            Lair (0/6) D:9
    Orc (0/2) D:10

Altars:
Ashenzari
Cheibriados
Dithmenos
Elyvilon
Fedhas
Gozag
Hepliaklqana
Kikubaaqudgha
Makhleb
Nemelex Xobeh
Okawaru
Qazlal
Ru
Sif Muna
Trog
Uskayaw
Vehumet
Wu Jian
Xom
Yredelemnul
Zin
The Shining One

Shops:
D:8 (

Annotations:
D:7 1 runed translucent door
D:10 Snorg


Innate Abilities, Weirdness & Mutations

You can breathe blasts of fire.
Your fiery red scales are hard. (AC +7)
You cannot fit into any form of body armour.
Your flesh is heat resistant. (rF+)
You are cold-blooded and may be slowed by cold attacks.


Message History

Confirm with . or Enter, or press ? or * to list all spells.
You feel a strong surge of power!
You conjure some foxfire!
Snorg bites you but does no damage. Snorg closely misses you. Snorg claws you!
Casting: Foxfire (safe; 1% risk of failure)
Confirm with . or Enter, or press ? or * to list all spells.
You feel a strong surge of power!
Flames lash Snorg.
Snorg is heavily wounded.
Snorg's fire resistance burns away.
The foxfire hits Snorg!
Snorg is burned terribly!
Snorg is heavily wounded.
The foxfire hits Snorg.
Snorg is burned terribly!
Snorg is heavily wounded.
Snorg barely misses you. Snorg completely misses you. Snorg claws you!
Snorg completely misses you. Snorg claws you. Snorg completely misses you.
Casting: Scorch (safe; 1% risk of failure)
Confirm with . or Enter, or press ? or * to list all spells.
You feel a strong surge of power!
Flames lash Snorg.
Snorg is burned terribly!
Snorg is severely wounded.
Snorg bites you!!
* * * LOW HITPOINT WARNING * * *
Snorg claws you.
* * * LOW HITPOINT WARNING * * *
Snorg closely misses you.
Okay, then.
Okay, then.
Casting: Scorch (safe; 1% risk of failure)
Confirm with . or Enter, or press ? or * to list all spells.
Okay, then.
Okay, then.
You can't see any enemies this would affect, really read the scroll of fear?
Okay, then.
Press: ? - help, v - describe, . - travel
Here: Snorg (severely wounded, berserk, more vulnerable to fire)
The floor.
Casting: Scorch (safe; 1% risk of failure)
Confirm with . or Enter, or press ? or * to list all spells.
You feel a strong surge of power!
Flames lash Snorg.
Snorg is burned terribly!
Snorg is severely wounded.
Snorg barely misses you. Snorg completely misses you. Snorg claws you!
You die...

#.. #...#4#_#4#...#
.. #...###.###...# #.
#...# #.#.....#
#.###...###.#.....#
#.......##........#
#.......##........#
#..#
#.......##........#
#..#
#.T.....##.........
#..#
#.@.....##.........
#..#
#.................#
#..#
#.................#
#..# #....
...................#
#..# #...
..........##........#
#..# #...
.##.......##........#
...# #..# ..
#.......##^.......#
...# #..# #.
#.......##.......##
...# #..#
#.......##.......#>


You could see Snorg (berserk, combustible).

Vanquished Creatures
  2 two-headed ogres (D:10)
  An unseen horror (D:10)
  A slime creature (D:8)
  Prince Ribbit (D:6)
  Grinder (D:6)
  A wraith (D:9)
  A wyvern (D:9)
  2 yaks (D:9)
  Menkaure (D:7)
  3 steam dragons
  A warg (D:10)
  Edmund (D:6)
  8 orc warriors
  A black bear (D:4)
  An ice beast (D:5)
  A sky beast (D:7)
  2 necrophages (D:6)
  7 centaurs
  4 ogres
  2 phantoms
  A kobold brigand (D:8)
  A gnoll sergeant (D:6)
  3 bullfrogs
  2 scorpions
  3 killer bees (D:10)
  6 wights
  3 howler monkeys (D:8)
  3 centaur zombies
  An orc priest (D:8)
  Crazy Yiuf (D:2)
  A gnoll shaman (D:6)
  2 bullfrog skeletons (D:6)
  Natasha (thrice) (D:2)
  8 orc wizards
  A hound zombie (D:5)
  12 adders
  8 gnolls (D:6)
  A howler monkey skeleton (D:5)
  2 shadow imps (D:6)
  2 white imps
  An ufetubus (D:3)
  An adder skeleton (D:4)
  3 worms
  3 dart slugs
  29 orcs
  6 ball pythons
  5 bats
  8 endoplasms
  A giant cockroach (D:3)
  8 goblins
  6 hobgoblins
  4 jackals
  9 kobolds
  3 quokkas
  3 frilled lizards
  2 rats (D:3)
198 creatures vanquished.

Vanquished Creatures (others)
  290 foxfires
  A withered plant (D:9)
291 creatures vanquished.

Grand Total: 489 creatures vanquished

Notes
Turn   | Place    | Note
-------+----------+-------------------------------------------
     0 | D:1      | mordus the Draconian Fire Elementalist began the quest for
                  | the Orb.
     0 | D:1      | Reached XP level 1. HP: 14/14 MP: 3/3
   359 | D:1      | Reached XP level 2. HP: 17/20 MP: 0/5
   431 | D:1      | You fall into a shaft and drop 1 floor!
   653 | D:2      | Reached XP level 3. HP: 20/26 MP: 2/6
  1420 | D:1      | Found a faded altar of an unknown god.
  1465 | D:2      | Found a runed translucent door.
  1466 | D:2      | Noticed Crazy Yiuf
  1472 | D:2      | Learned a level 2 spell: Scorch
  1489 | D:2      | Killed Crazy Yiuf
  1490 | D:2      | Reached skill level 4 in Fire Magic
  1490 | D:2      | Reached XP level 4. HP: 27/33 MP: 0/7
  1565 | D:2      | Noticed Natasha
  1573 | D:2      | Killed Natasha
  1826 | D:2      | Noticed Natasha
  1831 | D:2      | Killed Natasha
  1832 | D:2      | Reached XP level 5. HP: 32/38 MP: 3/9
  2039 | D:2      | Noticed Natasha
  2044 | D:2      | Killed Natasha
  2731 | D:3      | Found an opulent altar of Gozag.
  2759 | D:3      | Found a shimmering blue altar of Sif Muna.
  3097 | D:4      | Reached skill level 5 in Fire Magic
  3161 | D:4      | Found a sparkling altar of Nemelex Xobeh.
  3181 | D:4      | Reached XP level 6. HP: 42/45 MP: 5/10
  3304 | D:4      | Learned a level 4 spell: Flame Wave
  4118 | D:5      | Entered Level 5 of the Dungeon
  4250 | D:4      | Your scales start taking on a fiery red colour.
  4250 | D:4      | Reached skill level 7 in Fire Magic
  4250 | D:4      | Reached XP level 7. HP: 21/50 MP: 1/12
  4250 | D:4      | Gained mutation: Your flesh is heat resistant. (rF+) [Red
                  | Draconian growth]
  4628 | D:5      | Found a blossoming altar of Fedhas.
  4652 | D:5      | Found a basalt altar of Yredelemnul.
  5143 | D:6      | Noticed Edmund
  5150 | D:6      | Killed Edmund
  5151 | D:6      | Reached skill level 8 in Fire Magic
  5349 | D:6      | Reached XP level 8. HP: 57/57 MP: 9/14
  5556 | D:6      | Noticed Prince Ribbit
  5567 | D:6      | Killed Prince Ribbit
  5568 | D:6      | Reached skill level 9 in Fire Magic
  5632 | D:6      | Reached skill level 5 in Conjurations
  5662 | D:6      | Reached skill level 5 in Spellcasting
  5998 | D:6      | Found a staircase to the Ecumenical Temple.
  6007 | Temple   | Entered the Ecumenical Temple
  6376 | Temple   | Became a worshipper of Vehumet
  6505 | D:6      | Reached XP level 9. HP: 40/62 MP: 2/16
  6722 | D:6      | Found a shadowy altar of Dithmenos.
  6972 | D:6      | Noticed Grinder
  6976 | D:6      | Killed Grinder
  6977 | D:6      | Reached skill level 5 in Dodging
  6977 | D:6      | Reached skill level 10 in Fire Magic
  7475 | D:7      | Found a shimmering altar of Xom.
  7914 | D:7      | You fall into a shaft and drop 2 floors!
  7914 | D:9      | Noticed a boulder beetle
  8240 | D:8      | Reached * piety under Vehumet
  8240 | D:8      | Offered knowledge of Shock by Vehumet.
  8730 | D:8      | Reached skill level 11 in Fire Magic
  9162 | D:7      | Found a runed translucent door.
  9358 | D:7      | Noticed Menkaure
  9362 | D:7      | Killed Menkaure
  9468 | D:7      | Found a glowing golden altar of the Shining One.
 10084 | D:8      | Found Yhompeha's Antique Weapon Shop.
 10252 | D:8      | Reached XP level 10. HP: 67/69 MP: 9/19
 11249 | D:9      | Found a white marble altar of Elyvilon.
 11290 | D:9      | Found a staircase to the Lair.
 11296 | D:9      | Found an ancient bone altar of Kikubaaqudgha.
 11466 | D:9      | Reached skill level 12 in Fire Magic
 11885 | D:9      | Found a broken altar of Ashenzari.
 12663 | D:10     | Entered Level 10 of the Dungeon
 12711 | D:10     | Noticed a two-headed ogre
 12719 | D:10     | Killed a two-headed ogre
 12797 | D:10     | Noticed a two-headed ogre
 12826 | D:10     | Killed a two-headed ogre
 12827 | D:10     | Reached skill level 13 in Fire Magic
 13281 | D:10     | Found a staircase to the Orcish Mines.
 13410 | D:10     | Found a burning altar of Makhleb.
 13410 | D:10     | Noticed a cacodemon
 13413 | D:10     | Noticed an orange demon
 13444 | D:10     | Noticed Snorg
 13456 | D:10     | Mangled by Snorg

Illustrated notes

Levels and vault maps discovered:
D:1:      minmay_arrival_checkered_box, layout_loops_ring,
          dreamdust_ecumenical_altar_angels_and_demons
D:2:      layout_rooms, uniq_natasha, uniq_crazy_yiuf_cottage
D:3:      layout_rooms, gammafunk_temple_overflow_pools, st_stairs_4
D:4:      layout_basic, nemelex_xobeh_ov_fountains_minmay, dk_vineyard_2
D:5:      layout_basic, mainiacjoe_overflow_six_doors_small,
          yredelemnul_altar_generic
D:6:      layout_basic, pf_just_have_faith, minmay_temple_entry_slanted,
          lemuel_flame_loot_1, uniq_prince_ribbit1, uniq_edmund, uniq_grinder
D:7:      layout_gridville, tso_altar, xom_teletrap_fun,
          lightli_church_of_beogh, uniq_menkaure
D:8:      layout_basic, serial_shops, nicolae_take_the_stairs
D:9:      layout_roguey, nicolae_ashenzari_panopticon,
          kiku_gazebo_garden_becter, elyvilon_altar_1, lair_entry_dummy,
          abandoned_shop, minmay_bent
D:10:     layout_long_grid, makhleb_altar_promises_db, david_orc_1_choice,
          uniq_snorg
Temple:   dpeg_chambers_temple

Skill      XL: |  1  2  3  4  5  6  7  8  9 10 |
---------------+-------------------------------+-----
Conjurations   | 2 3 4 5 6 7 |  7.7
Fire Magic     | 4 5 7 8 9 11 13 | 13.3
Dodging        | 2 3 4 5 7 |  7.0
Spellcasting   | 3 4 5 6 7 |  7.2
Stealth        | |  1.7

Action                   |  1- 3 |  4- 6 |  7- 9 | 10-12 || total
-------------------------+-------+-------+-------+-------++-------
Melee: Unarmed           |     7 |       |       |       ||     7
       Club              |    27 |       |       |       ||    27
       Tailslap          |     3 |     3 |     5 |     1 ||    12
       Quarterstaff      |       |    32 |       |       ||    32
       Staff             |       |     7 |    22 |    12 ||    41
 Cast: Foxfire           |    36 |    36 |    45 |    46 ||   163
       Scorch            |     2 |    53 |    99 |    68 ||   222
       Flame Wave        |       |       |     5 |     2 ||     7
 Abil: Breathe Fire      |       |       |     7 |     2 ||     9
  Use: Scroll            |       |       |     2 |    14 ||    16
       Potion            |       |       |       |     1 ||     1
 Stab: Sleeping          |       |       |     1 |       ||     1
Armor: Skin              |    13 |    12 |    25 |    31 ||    81
Dodge: Dodged            |    38 |    98 |    83 |   118 ||   337

Table legend: (Time is in decaauts)
 A = Elapsed time spent in this place.
 B = Non-inter-level travel time spent in this place.
 C = Inter-level travel time spent in this place.
 D = Time resting spent in this place.
 E = Time spent auto-exploring this place.
 F = Levels seen in this place.
 G = Mean time per level.
                   A        B        C        D        E       F      G
               +--------+--------+--------+--------+--------+-----+--------+
         Total |  13503 |  12827 |    676 |   3079 |   7252 |  11 | 1227.5 |
       Dungeon |  13106 |  12430 |    676 |   3079 |   7061 |  10 | 1310.6 |
        Temple |    396 |    396 |      0 |      0 |    191 |   1 |  396.0 |
               +--------+--------+--------+--------+--------+-----+--------+

Top non-repeatable levels by time:
     D:8: 2146 daAuts
     D:6: 1853 daAuts
     D:9: 1472 daAuts
     D:7: 1363 daAuts
     D:4: 1176 daAuts
     D:2: 1099 daAuts
     D:1: 1080 daAuts
     D:5: 1062 daAuts
     D:3: 1058 daAuts
    D:10: 793 daAuts
  Temple: 396 daAuts
